 Dungeon Crawl Stone Soup version bcrawl-1.18.1 (webtiles) character file.

Game seed: 9304077828407251500

5056 MisterOstroum the Spear-Bearer (level 10, 0/64 HPs)
             Began as a Skeleton Skald on Nov 11, 2019.
             Was an Initiate of Gozag.
             Slain by a black mamba (14 damage)
             ... on level 1 of the Lair of Beasts.
             The game lasted 00:44:51 (8985 turns).

MisterOstroum the Spear-Bearer (Skeleton Skald)     Turns: 8985, Time: 00:44:51

Health: 0/64       AC: 12    Str: 20      XL:     10   Next: 31%
Magic:  0/17       EV: 13    Int: 18      God:    Gozag
Gold:   486        SH:  0    Dex:  7 (8)  Spells: 13/19 levels left

rFire    + . .     SeeInvis .   p - +1 trident
rCold    + + .     Gourm    .   (no shield)
rNeg     + + +     Faith    .   b - +0 leather armour
rPois    ∞         Spirit   +   A - +0 helmet
rElec    .         Reflect  .   o - scarf {rC+ rF+}
rCorr    .         Harm     .   g - +0 pair of gloves
MR       +....                  q - +1 pair of boots
Stlth    ++........             (no amulet)
HPRegen  0.20/turn              x - +5 ring of protection (curse)
MPRegen  0.15/turn              s - +2 ring of slaying

@: brilliant, singing, gold aura, hasted, very quick
A: no food or potions, cold resistance 1, deterioration 1, negative energy
resistance 3, powered by death 1, torment resistance, unbreathing, magic shield,
sturdy frame 2, spell healing
a: Potion Petition, Call Merchant, Bribe Branch, Renounce Religion


You were on level 1 of the Lair of Beasts.
You worshipped Gozag.
Gozag was aware of your devotion.
You were not hungry.

You visited 3 branches of the dungeon, and saw 10 of its levels.
You also visited: Ossuary.

You collected 928 gold pieces.
You spent 294 gold pieces at shops.
You paid 148 gold pieces to Gozag.

Inventory:

Hand Weapons
 l - a +2 morningstar of crushing
 p - a +1 trident (weapon)
 y - a +0 shortbow
Missiles
 e - 1396 stones (quivered)
 r - 85 tomahawks
 z - 590 arrows
Armour
 b - a +0 leather armour (worn)
 g - a +0 pair of gloves (worn)
 o - a scarf of resistance (worn)
 q - a +1 pair of boots (worn)
 A - a +0 helmet (worn)
Jewellery
 n - an uncursed ring of resist corrosion
 s - a +2 ring of slaying (right hand)
 t - a +5 ring of intelligence
 x - a cursed +5 ring of protection (left hand)
Wands
 a - a wand of polymorph (5)
 i - a wand of digging (11)
 w - a wand of iceblast (3)
Scrolls
 c - 2 scrolls of fog {!r}
 d - 3 scrolls of fear {!r}
 f - 2 scrolls of teleportation
 h - a scroll of torment
 j - a scroll of magic mapping {unknown}
 k - a scroll of blinking {@r4}
 m - a scroll of noise {unknown}
 u - 2 scrolls of enchant weapon


   Skills:
 + Level 8.2 Fighting
 + Level 8.4 Polearms
 - Level 3.7 Armour
 - Level 5.0 Dodging
 - Level 3.2 Stealth
 - Level 5.1 Spellcasting
 - Level 5.0 Hexes
 + Level 6.6 Charms
 * Level 4.1 Evocations


You had 13 spell levels left.
You knew the following spells:

 Your Spells              Type           Power        Failure   Level  Hunger
a - Infusion              Chrm           #####...     1%          1    N/A
b - Song of Slaying       Chrm           #####...     1%          2    N/A
c - Spectral Weapon       Hex/Chrm       #####...     1%          3    N/A

Your spell library contained the following spells:

 Spells                   Type           Power        Failure   Level  Hunger
 Ozocubu's Armour         Chrm/Ice       ####....     1%          3    N/A
 Regeneration             Chrm/Necr      Unusable     N/A         3    N/A

Dungeon Overview and Level Annotations

Branches:
Dungeon (8/12)             Temple (1/1) D:6            Lair (1/6) D:8
    Orc: D:8-11

Altars:
Ashenzari
Cheibriados
Dithmenos
Elyvilon
Fedhas
Gozag
Hepliaklqana
Kikubaaqudgha
Makhleb
Nemelex Xobeh
Okawaru
Qazlal
Ru
Sif Muna
Trog
Uskayaw
Vehumet
Wu Jian
Xom
Yredelemnul
The Shining One

Shops:
D:5 =   D:8 =

Annotations:
D:1 exclusion: ooze


Innate Abilities, Weirdness & Mutations

You do not eat or drink.
You are immune to poison.
Your flesh is cold resistant. (rC+)
Your body sometimes deteriorates upon taking damage.
You are immune to negative energy. (rN+++)
You regenerate a little health from kills.
You are immune to unholy pain and torment.
You can survive without breathing.
When hurt, damage is shared between your health and your magic reserves.
Your movements are less encumbered by armour. (ER -4)
Casting spells heals you.


Message History

Throwing (i - inventory. (/) - cycle)
e - 1397 stones (quivered)
Press: ? - help, Shift-Dir - straight line, f - black mamba
Aim: a black mamba You throw a stone.
The stone hits the black mamba but does no damage.
You miss the black mamba.
Your spectral weapon closely misses the black mamba.
The black mamba closely misses you. The black mamba barely misses you.
Evoke which item? (* to show all) (? for menu, Esc to quit)
Aiming: Polymorph
Press: ? - help, Shift-Dir - straight line, f/p - black mamba
Aim: a black mamba (chance to defeat MR: 57%)
Okay, then.
Evoke which item? (* to show all) (? for menu, Esc to quit)
Aiming: Iceblast
Press: ? - help, Shift-Dir - straight line, p - black mamba The mass of ice explodes!
The iceblast engulfs the black mamba.
The black mamba is heavily wounded.
You hear an angry hiss. x2
The black mamba bites you! The black mamba barely misses you.
You closely miss the black mamba.
The black mamba is moderately wounded.
Your spectral weapon barely misses the black mamba.
The black mamba barely misses you.
You barely miss the black mamba.
The black mamba is moderately wounded.
Your spectral weapon hits the black mamba!
The black mamba misses you. The black mamba bites you.
You closely miss the black mamba.
The black mamba is severely wounded.
Your spectral weapon hits the black mamba!
The black mamba barely misses you.
You closely miss the black mamba.
The black mamba is almost dead.
Your spectral weapon hits the black mamba!
You kill the black mamba!
Training target 5.0 for Dodging reached!
Your Dodging skill increases to level 5!
Your Evocations skill increases to level 4!
You hear an angry hiss.
The blink frog becomes distracted by the nearby gold, dreaming of imaginary riches.
You see here 35 gold pieces.
The blink frog gives a loud, deep croak!
You see here 16 gold pieces.
You swap places.
You hear a screech!
The black mamba misses you. The black mamba bites you.
You see here 35 gold pieces.
The blink frog is no longer distracted by gold.
The black mamba barely misses your spectral weapon.
The black mamba becomes distracted by the nearby gold, dreaming of imaginary riches.
Attack whom?
Press: ? - help, Dir - move target cursor, f - black mamba
Aim: a black mamba (hasn't noticed you)
You reach to attack!
You strike the helpless black mamba from behind!
You hit the black mamba.
The black mamba is no longer distracted by gold.
The black mamba is lightly wounded.
Your spectral weapon closely misses the black mamba.
The black mamba bites your spectral weapon!!
Your spectral weapon shares its damage with you!
Your spectral weapon fades away.
The blink frog blinks!
Unknown command.
Unknown command.
Casting: Song of Slaying (safe; 1% risk of failure)
Confirm with . or Enter, or press ? or * to list all spells.
You draw out your weapon's spirit!
The black mamba bites you!
You closely miss the black mamba.
The black mamba is lightly wounded.
Your spectral weapon hits the black mamba!
The black mamba misses you.
The blink frog hits your spectral weapon!
Your spectral weapon shares its damage with you!
* * * LOW HITPOINT WARNING * * *
The black mamba closely misses you.
The blink frog hits your spectral weapon. [a] - 0 gold - haste and flight [b] - 0 gold - heal wounds, haste and brilliance [c] - 0 gold - might, agility and brilliance Purchase which effect?
You feel much better.
You feel yourself speed up.
You feel clever all of a sudden. The black mamba bites you!
Your body deteriorates!
You feel clumsy.
The blink frog hits your spectral weapon but does no damage.
The black mamba bites you!
* * * LOW HITPOINT WARNING * * *
Unknown command.
You hit the black mamba.
The black mamba is heavily wounded.
Your spectral weapon completely misses the black mamba.
The blink frog hits your spectral weapon!
Your spectral weapon shares its damage with you!
Your spectral weapon fades away.
* * * LOW HITPOINT WARNING * * *
The black mamba bites you!
You die...
Your body crumbles into a pile of gold.

### ####.# . ##...##
.. #§.##..$.# ..
#.......# #.#
##.#..(.## #######..#
#...##..####..#.....#
..F...
##.F$S@$......###
P#F...
##..###$.....#P##
#...# ##...#.........#
#.. ##...#..........
#P.#.#.......#.# #
#..........#### .#
##...#......#.####.#
###....<....#......#
###....#...........###


You could see a black mamba and a blink frog.

Vanquished Creatures
  A black mamba (Lair:1)
  3 blink frogs (Lair:1)
  2 wraiths (Ossuary)
  3 yaks (Lair:1)
  2 hungry ghosts
  A water moccasin (Lair:1)
  3 sky beasts
  A phantom (D:7)
  2 ogres
  3 centaurs
  A big kobold (D:8)
  Blork the orc (D:4)
  3 bullfrogs
  A scorpion (D:5)
  6 killer bees (D:7)
  2 wights (Ossuary)
  2 bullfrog zombies
  2 crimson imps
  2 hounds
  2 jellies
  3 orc priests
  9 orc wizards
  2 centaur skeletons
  An iguana (D:8)
  Natasha (thrice) (D:4)
  5 worker ants
  2 hound zombies
  A hound skeleton (D:4)
  A howler monkey zombie (D:5)
  7 gnolls
  15 adders
  3 shadow imps
  5 adder zombies
  2 worms
  2 dart slugs
  3 leopard geckos
  23 orcs
  2 giant cockroaches (D:1)
  8 hobgoblins
  6 jackals
  3 quokkas
  2 ball pythons
  A ball python skeleton (Ossuary)
  8 bats
  12 frilled lizards
  4 goblins
  2 hobgoblin skeletons (Ossuary)
  A jackal skeleton (D:4)
  20 kobolds
  3 orc skeletons (Ossuary)
  An orc zombie (Ossuary)
  6 rats
209 creatures vanquished.

Vanquished Creatures (others)
  A quokka (D:3)
  8 spectral weapons
9 creatures vanquished.

Grand Total: 218 creatures vanquished

Notes
Turn   | Place    | Note
-------+----------+-------------------------------------------
     0 | D:1      | MisterOstroum the Skeleton Skald began the quest for the
                  | Orb.
     0 | D:1      | Reached XP level 1. HP: 12/12 MP: 4/4
   423 | D:1      | Reached XP level 2. HP: 11/17 MP: 3/6
   434 | D:1      | Learned a level 2 spell: Song of Slaying
  1334 | D:2      | Reached XP level 3. HP: 17/21 MP: 3/7
  1383 | D:1      | Learned a level 3 spell: Spectral Weapon
  1759 | D:2      | Reached skill level 1 in Hexes
  1938 | D:2      | Reached XP level 4. HP: 23/26 MP: 2/8
  2768 | D:3      | Reached XP level 5. HP: 31/31 MP: 5/9
  3172 | D:3      | Noticed a sky beast
  3220 | D:3      | Killed a sky beast
  3220 | D:3      | Gained mutation: You regenerate a little health from kills.
                  | [Skeleton growth]
  3220 | D:3      | Reached XP level 6. HP: 14/37 MP: 3/10
  3405 | D:3      | Reached skill level 5 in Charms
  3697 | D:3      | Found a white marble altar of Elyvilon.
  3813 | D:4      | Noticed Natasha
  3824 | D:4      | Noticed Blork the orc
  3829 | D:4      | Killed Natasha
  3885 | D:4      | Killed Blork the orc
  3885 | D:4      | Reached skill level 5 in Polearms
  3914 | D:4      | Noticed Natasha
  3922 | D:4      | Killed Natasha
  3922 | D:4      | Reached skill level 1 in Stealth
  3922 | D:4      | Reached XP level 7. HP: 36/42 MP: 5/11
  4253 | D:4      | Noticed Natasha
  4283 | D:4      | Killed Natasha
  4457 | D:5      | Entered Level 5 of the Dungeon
  5297 | D:5      | Reached XP level 8. HP: 33/48 MP: 5/12
  5300 | D:5      | Reached skill level 5 in Fighting
  5454 | D:5      | Found Marax's Jewellery Shop.
  5460 | D:5      | Bought a +2 ring of slaying for 294 gold pieces
  5914 | D:6      | Found a staircase to the Ecumenical Temple.
  5921 | Temple   | Entered the Ecumenical Temple
  6197 | D:6      | Found a sparkling altar of Nemelex Xobeh.
  6284 | D:6      | Reached skill level 5 in Hexes
  6807 | Temple   | Became a worshipper of Gozag Ym Sagoz the Greedy
  7066 | D:7      | Reached XP level 9. HP: 55/56 MP: 9/13
  8065 | D:8      | Noticed a yaktaur
  8066 | D:8      | Noticed a yaktaur
  8066 | D:8      | Noticed a yaktaur
  8302 | D:8      | Found a sand-covered staircase.
  8327 | Ossuary  | Entered an ossuary
  8788 | D:8      | Reached skill level 5 in Spellcasting
  8846 | D:8      | Found Kiapsas's Jewellery Emporium.
  8863 | D:8      | Found a staircase to the Lair.
  8875 | Lair:1   | Entered Level 1 of the Lair of Beasts
  8886 | Lair:1   | Noticed a black mamba
  8899 | Lair:1   | Reached skill level 1 in Evocations
  8908 | Lair:1   | Noticed a black mamba
  8936 | Lair:1   | Gained mutation: Your movements are less encumbered by
                  | armour. (ER -4) [Skeleton growth]
  8936 | Lair:1   | Reached XP level 10. HP: 64/64 MP: 12/17
  8975 | Lair:1   | Killed a black mamba
  8975 | Lair:1   | Reached skill level 5 in Dodging
  8985 | Lair:1   | Slain by a black mamba

Skill      XL: |  1  2  3  4  5  6  7  8  9 10 |
---------------+-------------------------------+-----
Polearms       | 3 4 5 6 7 8 |  8.4
Hexes          | 1 2 3 5 |  5.0
Charms         | 4 5 6 |  6.6
Fighting       | 3 4 6 8 |  8.2
Stealth        | 1 3 |  3.2
Armour         | 2 3 |  3.7
Dodging        | 3 4 5 |  5.0
Spellcasting   | 5 |  5.1
Evocations     | 2 4 |  4.1

Action                   |  1- 3 |  4- 6 |  7- 9 | 10-12 || total
-------------------------+-------+-------+-------+-------++-------
Melee: Spear             |   171 |   224 |   125 |       ||   520
       Dagger            |       |     2 |       |       ||     2
       Trident           |       |       |   273 |    25 ||   298
Throw: Stone             |     5 |    10 |    25 |     1 ||    41
 Cast: Infusion          |     7 |       |     7 |       ||    14
       Spectral Weapon   |     2 |    11 |    44 |     2 ||    59
       Song of Slaying   |     2 |     8 |    14 |     1 ||    25
Invok: Potion Petition   |       |       |       |     1 ||     1
Evoke: Wand              |       |       |       |     1 ||     1
  Use: Scroll            |       |     3 |     6 |       ||     9
 Stab: Sleeping          |       |       |     7 |       ||     7
       Distracted        |       |       |     3 |     1 ||     4
Armor: Leather armour    |    30 |    38 |    83 |     2 ||   153
Dodge: Dodged            |   102 |   106 |   139 |    18 ||   365
